 Dungeon Crawl Stone Soup version 0.31.0-32-g396128a36d (webtiles) character file.

Game seed: 13133143803429855977

114 mainiacjoe the Ruffian (level 4, 0/32 HPs)
             Began as a Merfolk Shapeshifter on Apr 6, 2024.
             Succumbed to Robin's poison
             ... on level 3 of the Dungeon.
             The game lasted 00:08:32 (3127 turns).

mainiacjoe the Ruffian (Merfolk Shapeshifter)       Turns: 3127, Time: 00:08:33

Health: 0/32       AC:  2    Str: 16    XL:     4   Next: 97%
Magic:  13/13      EV: 12    Int:  9    God:
Gold:   1          SH:  0    Dex: 13    Spells: 3/3 levels left

rFire   . .          .
                       - Unarmed
rCold   . . .        (no shield)
rNeg    . . .        a - +0 animal skin
rPois   .            (helmet currently unavailable)
rElec   .            (cloak currently unavailable)
rCorr   .            (gloves currently unavailable)
SInv    .            (boots currently unavailable)
Will    .....        (no amulet)
Stlth   +            k - ring of magical power
HPRegen 0.25/turn    (no ring)
MPRegen 0.13/turn

%: no passive effects
@: lethally poisoned (0 -> -3), beast-form
A: beast (slay +2), (nimble swimmer 2), mertail
a: Begin Untransformation


You were on level 3 of the Dungeon.
You were a hulking beast.
You visited 1 branch of the dungeon, and saw 3 of its levels.

You collected 61 gold pieces.
You spent 60 gold pieces at shops.

Inventory:

Missiles
 e - 9 boomerangs
 g - 10 stones
 o - a throwing net {=F}
Armour
 a - a +0 animal skin (worn)
 p - a +0 helmet
 q - a +1 hat
 s - a +0 pair of gloves
Jewellery
 k - a ring of magical power (left hand)
Talismans
 c - a beast talisman
 d - a flux talisman
Scrolls
 r - 3 scrolls of enchant weapon
Potions
 b - 2 potions of lignification
 f - a potion of might
 h - a potion of enlightenment
 i - a potion of berserk rage
 j - a potion of ambrosia
 l - a potion of degeneration {unknown}
 m - a potion of curing {unknown}
 n - a potion of cancellation {unknown}


   Skills:
 - Level 1.1 Fighting
 - Level 2.6 Dodging
 - Level 6.0 Unarmed Combat
 + Level 4.1 Shapeshifting


You had 3 spell levels left.
You didn't know any spells.
Your spell library contained the following spells:

 Spells                   Type           Power      Damage    Failure   Level
 Summon Small Mammal      Summ           0%         N/A       38%         1
 Call Canine Familiar     Summ           0%         N/A       77%         3
 Sigil of Binding         Hex            0%         N/A       77%         3
 Dimensional Bullseye     Hex/Tloc       0%         N/A       99%         4
 Summon Blazeheart Golem  Fire/Summ      0%         N/A       99%         4


Dungeon Overview and Level Annotations

Branches:
Dungeon (3/15)

Altars:

Shops:
D:1 **!

Annotations:
D:1 exclusion: downstairs
D:3 exclusion: hobgoblin


Innate Abilities, Weirdness & Mutations

You are a hulking beast.
Your limbs bulge with bestial killing power. (Slay +2)
((You are very nimble when in or above water. (Stealth+, EV+, Speed+++)))
Your lower body shifts to a powerful aquatic tail in water.


Message History

The goblin hits you with a +0 club.
You punch the goblin!
You kill the goblin!
Robin throws the goblin at you! The goblin hits you with a +0 club.
Training target 6.0 for Unarmed Combat reached!
Your Unarmed Combat skill increases to level 6!
You need to enable at least one skill for training.
The goblin unwields a +0 club.
The goblin wields a +0 sling.
The goblin shoots a sling bullet.
The sling bullet completely misses you.
The sling bullet hits Robin.
Things that are here:
a +0 club; a goblin corpse You hit Robin but do no damage.
Robin is lightly wounded.
Robin roars a battlecry!
The goblins go into a battle-frenzy!
You hit Robin.
Robin is heavily wounded.
The goblin shoots a sling bullet.
The sling bullet barely misses you.
The sling bullet hits Robin.
Robin completely misses you.
You barely miss Robin.
Robin is severely wounded.
The goblin shoots a sling bullet.
The sling bullet barely misses you.
The sling bullet hits Robin.
Robin hits you with a +3 whip of venom.
You are poisoned.
You hit Robin.
You kill Robin!
You feel sick.
The goblin shoots a sling bullet.
The sling bullet closely misses you.
The sling bullet misses the goblin.
You feel sick.
Things that are here:
a +3 whip of venom; a +0 animal skin; a +2 helmet You closely miss the goblin.
You feel sick. The goblin hits you with a +0 dagger.
* * * LOW HITPOINT WARNING * * *
The goblin shoots a sling bullet.
The sling bullet hits you.
* * * LOW HITPOINT WARNING * * *
You hit the goblin.
The goblin is heavily wounded.
You die...

#...#####.....<.##....####.gg# #
##.....................####gg##
###.##########.######.....##gg#.#
...## #.#########..##gg##. #.##
#...........##**,,** #.#
#########...####,,g#
#.########### #..##..#*...
#...........##########..##..##.gg
###########..)g)hg.....##....##g.
############.##....##g#
#.#......#.# #g#†.g.gg#.#
#...####...# ##### #.... #.#..
#.#.. #.#..


You could see 2 goblins.

Vanquished Creatures
  Jessica (D:2)
  Robin (D:3)
  3 adders
  A dart slug (D:3)
  5 orcs (D:3)
  3 ball pythons
  7 endoplasms
  7 goblins
  2 hobgoblins
  3 jackals (D:1)
  3 bats
  3 frilled lizards
  4 kobolds
  4 rats
47 creatures vanquished.

Notes
Turn   | Place    | Note
-------+----------+-------------------------------------------
     0 | D:1      | mainiacjoe the Merfolk Shapeshifter began the quest for the
                  | Orb.
     0 | D:1      | Reached XP level 1. HP: 15/15 MP: 1/1
   234 | D:1      | Found Kiulamev's Distillery.
   289 | D:1      | Reached XP level 2. HP: 20/21 MP: 2/2
   294 | D:1      | Reached skill level 4 in Unarmed Combat
   619 | D:1      | Found Ilaibea's Assorted Antiques.
   639 | D:1      | Found Visus's Assorted Antiques.
   869 | D:1      | Bought a blue potion for 19 gold pieces
  1076 | D:1      | Bought a fuming yellow potion for 19 gold pieces
  1192 | D:2      | Reached XP level 3. HP: 26/26 MP: 3/3
  1244 | D:2      | Noticed Jessica
  1249 | D:2      | Killed Jessica
  1250 | D:2      | Reached skill level 5 in Unarmed Combat
  1645 | D:2      | Reached XP level 4. HP: 26/32 MP: 4/4
  1959 | D:2      | Identified the +3 leather armour of Shadows and Fog {Harm
                  | Will- Str+6}
  2014 | D:2      | Found a faded altar of an unknown god.
  2611 | D:3      | Noticed Robin
  2912 | D:1      | Bought a scroll labelled NACKOU WETYNATH for 22 gold pieces
  3120 | D:3      | Reached skill level 6 in Unarmed Combat
  3124 | D:3      | Killed Robin
  3126 | D:3      | HP: 1/32 [goblin/sling bullet[Robin] (6)]
  3127 | D:3      | Succumbed to Robin's poison

Illustrated notes

Levels and vault maps discovered:
D:1:      spicycebolla_arrival_xxxplode, layout_loops_cross, serial_shops,
          nicolae_shop_overgrown_old_shop, nicolae_diamond_shop,
          nicolae_shop_overgrown_old_shop, serial_bayou_lagoon_b
D:2:      layout_basic, shapermc_ecumenical_altar_petra, uniq_jessica
D:3:      layout_loops_ring, minmay_misc_feat_x, minmay_strange_pillars,
          serial_bayou_lagoon_a, uniq_robin

Skill      XL: |  1  2  3  4 |
---------------+-------------+-----
Unarmed Combat | 4 5 6 |  6.0
Fighting       | |  1.1
Dodging        | |  2.6
Shapeshifting  | |  4.1

Action                     |  1- 3 |  4- 6 || total
---------------------------+-------+-------++-------
  Melee: Unarmed           |    62 |    54 ||   116
         Punch             |     1 |     1 ||     2
         Tailslap          |     1 |       ||     1
  Throw: Boomerang         |     1 |       ||     1
    Use: Scroll            |     3 |     5 ||     8
   Stab: Sleeping          |     2 |     1 ||     3
 Armour: Animal skin       |    16 |    29 ||    45
  Dodge: Dodged            |    36 |    18 ||    54
